 Dungeon Crawl Stone Soup version 0.17-a0-1920-gafa4d75 (webtiles) character file.

12302 4thArraOfDagon the Cleaver (level 11, -8/99 HPs)
             Began as a Minotaur Monk on Sept 27, 2015.
             Was the Champion of Cheibriados.
             Mangled by 4thArraOfDagon's ghost (33 damage)
             ... on level 3 of the Orcish Mines.
             The game lasted 00:21:17 (4082 turns).

4thArraOfDagon the Cleaver (Minotaur Monk)          Turns: 4082, Time: 00:21:17

Health: -8/99      AC: 13    Str: 31    XL:     11   Next: 60%
Magic:  5/14       EV: 20    Int: 25    God:    Cheibriados [******]
Gold:   1016       SH:  0    Dex: 28    Spells: 0 memorised, 10 levels left

rFire  . . .     SeeInvis .       - Unarmed
rCold  . . .     Clarity  .     n - +0 plate armour
rNeg   . . .     SustAt   .     (no shield)
rPois  .         Gourm    .     K - +0 hat {MR+}
rElec  .         Spirit   .     (no cloak)
rCorr  .         Warding  .     r - +0 pair of gloves
rMut   .         Stasis   .     (no boots)
MR     +....                    (no amulet)
Stlth  ..........               (no ring)
                                c - +3 ring of evasion

@: very slow, somewhat resistant to hostile enchantments, extremely unstealthy
A: retaliatory headbutt, horns 2
a: Bend Time, Temporal Distortion, Slouch, Step From Time, Renounce Religion


You were on level 3 of the Orcish Mines.
You worshipped Cheibriados.
Cheibriados was exalted by your worship.
You were not hungry.

You visited 2 branches of the dungeon, and saw 15 of its levels.

You collected 1016 gold pieces.

Inventory:

Hand weapons
 e - a +0 spear of piercing
 p - a +1 war axe of flaming
 y - a +2 battleaxe
 L - a +6 blowgun
Missiles
 k - 5 throwing nets (quivered)
 C - 6 javelins of penetration
 M - a curare-tipped needle
Armour
 j - a +0 scale mail
 n - a +0 plate armour (worn)
 r - a +0 pair of gloves (worn)
 J - the +2 scale mail of Magic {+Inv rPois rC- MR+++}
   (You found it on level 9 of the Dungeon)

   It makes you vulnerable to cold.
   It protects you from poison.
   It affects your resistance to hostile enchantments.
   It lets you turn invisible.
 K - a +0 hat of magic resistance (worn)
Jewellery
 c - a +3 ring of evasion (left hand)
Magical devices
 w - a wand of paralysis (21)
 A - a wand of polymorph (5)
Scrolls
 a - a scroll of recharging
 d - a scroll of identify
 i - a scroll of noise
 o - 2 scrolls of remove curse
 s - 3 scrolls of immolation {unknown}
 t - a scroll of magic mapping {unknown}
 x - a scroll of fog {unknown}
 z - a scroll of random uselessness {unknown}
 B - 2 scrolls of enchant armour {unknown}
 E - a scroll of enchant weapon
Potions
 f - a potion of curing
 l - a potion of heal wounds
 q - 2 potions of invisibility
 H - a potion of degeneration
Books
 G - a book of Maledictions

   Spells                             Type                      Level
   a - Corona                         Hexes                        1
   b - Ensorcelled Hibernation        Hexes/Ice                    2
   c - Confuse                        Hexes                        3
   d - Tukima's Dance                 Hexes                        3
   e - Dazzling Spray                 Conjuration/Hexes            3
Miscellaneous
 D - a plain deck of defence
 F - a disc of storms
Comestibles
 b - 6 bread rations
 h - 3 slices of pizza
 u - a beef jerky
 v - a meat ration
 I - a royal jelly


   Skills:
 + Level 9.8 Fighting
 * Level 12.8 Axes
 - Level 5.0 Armour
 + Level 9.3 Dodging
 - Level 1.5 Stealth
 - Level 8.7 Unarmed Combat
 + Level 6.4 Invocations


You had 10 spell levels left.
You didn't know any spells.

Dungeon Overview and Level Annotations

Branches:
Dungeon (12/15)            Temple (0/1) D:5             Orc (3/4) D:12
   Lair: D:8-11         Elf: Orc:3-4

Altars:
Cheibriados
Elyvilon
Kikubaaqudgha
Qazlal
The Shining One

Annotations:
D:12 Azrael
Orc:2 Snorg
Orc:3 4thArraOfDagon's ghost, powerful TrMo


Innate Abilities, Weirdness & Mutations

You reflexively headbutt those who attack you in melee.
You have a pair of horns on your head.


Message History

You are now empty-handed.
The orc shouts! 4thArraOfDagon's ghost closely misses you.
You furiously retaliate!
You headbutt 4thArraOfDagon's ghost, but do no damage.
Unknown command.
You punch 4thArraOfDagon's ghost!
You headbutt 4thArraOfDagon's ghost, but do no damage. 4thArraOfDagon's ghost is almost destroyed.
Unknown command.
You hit 4thArraOfDagon's ghost but do no damage. 4thArraOfDagon's ghost is almost destroyed. 4thArraOfDagon's ghost misses you.
Unknown command.
Unknown command.
You closely miss 4thArraOfDagon's ghost.
You headbutt 4thArraOfDagon's ghost! 4thArraOfDagon's ghost is almost destroyed. 4thArraOfDagon's ghost hits you!!
You die...

... # #
##..#. oo
....# ..#
...## ..o.
#...#.o..#
###.........
..#.#....#
......)).##
...#.#@).#
..oo..W)).#
.......†..#
.....#.....#
....#.....##
..........#
..........#
.. ......##


You could see 4thArraOfDagon's ghost and 2 orcs.

Vanquished Creatures
  Gastronok (D:12)
  An ogre mage (Orc:1)
  Sonja (Orc:2)
  A cyclops (Orc:3)
  2 hill giants
  An orc sorcerer (Orc:3)
  Joseph (D:7)
  A troll (Orc:1)
  2 deep elf magi
  11 yaks (D:9)
  2 wyverns
  Menkaure (D:6)
  A warg (Orc:2)
  An ice beast (D:9)
  5 orc warriors
  2 sky beasts
  A wasp (D:9)
  10 ogres
  A phantom (D:6)
  2 crocodiles (D:11)
  3 giant frogs
  A wyvern skeleton (D:9)
  10 wights
  2 crimson imps
  4 hounds
  A giant frog zombie (D:5)
  10 orc priests
  2 quasits
  A giant frog skeleton (D:7)
  A jelly (D:10)
  A gnoll shaman (D:10)
  21 orc wizards
  2 iguanas (D:6)
  4 worker ants
  A hound skeleton (D:10)
  52 gnolls
  A worker ant zombie (D:10)
  2 river rats (D:11)
  11 adders
  3 shadow imps
  2 oozes
  An adder skeleton (D:4)
  An adder zombie (D:9)
  3 worms (D:2)
  4 giant geckos
  121 orcs
  7 bats
  4 giant cockroaches
  A hobgoblin (D:3)
  A quokka (D:3)
  A ball python (D:1)
  A ball python zombie (D:5)
  A giant cockroach zombie (D:5)
  4 giant newts
  5 goblins
  7 jackals
  8 kobolds
  36 rats
389 creatures vanquished.

Vanquished Creatures (others)
  A scorpion (D:12)
  An orc (Orc:1)
2 creatures vanquished.

Grand Total: 391 creatures vanquished

Notes
Turn   | Place    | Note
--------------------------------------------------------------
     0 | D:1      | 4thArraOfDagon the Minotaur Monk began the quest for the Orb.
     0 | D:1      | Reached XP level 1. HP: 19/19 MP: 0/0
   102 | D:1      | You fall through a shaft!
   115 | D:2      | Found a snail-covered altar of Cheibriados.
   124 | D:2      | Became a worshipper of Cheibriados the Contemplative
   124 | D:2      | Acquired Cheibriados's first power
   133 | D:2      | Reached XP level 2. HP: 13/27 MP: 1/1
   529 | D:2      | Reached skill level 5 in Unarmed Combat
   535 | D:2      | Reached XP level 3. HP: 30/33 MP: 2/2
   555 | D:2      | Found a faded altar to an unknown god.
   689 | D:2      | Acquired Cheibriados's second power
   693 | D:2      | Reached XP level 4. HP: 31/40 MP: 3/3
   744 | D:2      | Acquired Cheibriados's third power
   936 | D:3      | Found a white marble altar of Elyvilon.
   948 | D:3      | Reached skill level 6 in Unarmed Combat
   948 | D:3      | Reached XP level 5. HP: 32/47 MP: 4/4
  1018 | D:3      | Acquired Cheibriados's fourth power
  1035 | D:3      | Found an ancient bone altar of Kikubaaqudgha.
  1044 | D:3      | Reached skill level 1 in Armour
  1102 | D:4      | Reached XP level 6. HP: 55/55 MP: 5/5
  1183 | D:5      | Entered Level 5 of the Dungeon
  1247 | D:4      | Reached skill level 5 in Fighting
  1355 | D:5      | Found a staircase to the Ecumenical Temple.
  1445 | D:5      | Reached skill level 7 in Unarmed Combat
  1506 | D:6      | Reached XP level 7. HP: 57/61 MP: 6/6
  1513 | D:6      | Reached skill level 5 in Dodging
  1584 | D:6      | Reached skill level 8 in Unarmed Combat
  1617 | D:6      | Noticed Menkaure
  1629 | D:6      | Reached XP level 8. HP: 53/68 MP: 5/7
  1640 | D:6      | Killed Menkaure
  1682 | D:6      | Reached skill level 1 in Axes
  1721 | D:6      | Reached skill level 5 in Armour
  1756 | D:6      | Reached skill level 5 in Axes
  2042 | D:7      | Found a snail-covered altar of Cheibriados.
  2048 | D:7      | Noticed Joseph
  2057 | D:7      | Killed Joseph
  2057 | D:7      | Reached skill level 1 in Invocations
  2057 | D:7      | Reached XP level 9. HP: 32/75 MP: 3/9
  2299 | D:8      | Found a stormy altar of Qazlal.
  2402 | D:9      | Found a glowing golden altar of the Shining One.
  2475 | D:9      | Got a fine scale mail
  2476 | D:9      | Identified the +2 scale mail of Magic {+Inv rPois rC- MR+++} (You found it on level 9 of the Dungeon)
  2521 | D:9      | Reached skill level 9 in Axes
  2659 | D:10     | Entered Level 10 of the Dungeon
  2760 | D:9      | Reached XP level 10. HP: 77/86 MP: 11/11
  2867 | D:10     | Noticed a hill giant
  2875 | D:10     | Killed a hill giant
  2875 | D:10     | Reached skill level 10 in Axes
  3230 | D:12     | Noticed Gastronok
  3250 | D:12     | Killed Gastronok
  3250 | D:12     | Reached skill level 11 in Axes
  3250 | D:12     | Reached skill level 5 in Invocations
  3271 | D:12     | Noticed Azrael
  3350 | D:12     | Reached XP level 11. HP: 55/95 MP: 13/13
  3351 | D:12     | Noticed a hill giant
  3359 | D:12     | Killed a hill giant
  3406 | D:12     | Found a staircase to the Orcish Mines.
  3435 | Orc:1    | Entered Level 1 of the Orcish Mines
  3558 | Orc:1    | Reached skill level 12 in Axes
  3561 | Orc:1    | Noticed an ogre mage
  3570 | Orc:1    | Killed an ogre mage
  3629 | Orc:2    | Noticed Sonja
  3637 | Orc:2    | Killed Sonja
  3685 | Orc:2    | Noticed Snorg
  4067 | Orc:3    | Noticed 4thArraOfDagon's ghost (powerful TrMo)
  4082 | Orc:3    | Mangled by 4thArraOfDagon's ghost

Vault maps used:
D:1:      shiori_arrival_elements
D:2:      nicolae_overflow_crystal_walls, first_bread, ecumenical_altar_2,
          minmay_rats_cheesy_pizza
D:3:      lemuel_doored_altar, overflow_temple_1_default, moated_statue,
          kennysheep_generic_room_2
D:4:      kennysheep_little_box, nemelex_spade_bored_becter, uniq_sigmund
D:5:      minmay_temple_entry_metal_lava, uniq_eustachio
D:6:      lemuel_castle_with_subvaults, lemuel_coloured_pillars_altar,
          basic_altar, uniq_menkaure
D:7:      cheibriados_altar_1, uniq_joseph
D:8:      grunt_qazlal_clouds
D:9:      lemuel_round_altar, serial_curves, eino_curves_01, eino_curves_01,
          eino_curves_01
D:11:     grunt_lair_entry_elf_guard_hut, serial_shops, nicolae_shop_trees
D:12:     hiddenorc2_lemuel, portal_ice_cave_entry_imps, uniq_urug,
          uniq_gastronok, uniq_azrael
Orc:1:    mines4_lemuel
Orc:2:    statue_in_the_mist_lemuel, uniq_snorg, uniq_sonja
Orc:3:    special_room, nicolae_orc_pool_cavern, uniq_harold, uniq_nergalle

Action                   |  1- 3 |  4- 6 |  7- 9 | 10-12 || total
-------------------------+-------+-------+-------+-------++-------
Melee: Spear             |     8 |       |       |       ||     8
       Unarmed           |    73 |   113 |   174 |   265 ||   625
       Battleaxe         |       |       |       |    21 ||    21
 Fire: Blowgun           |       |       |       |     6 ||     6
Invok: Slouch            |       |       |     2 |     5 ||     7
       Temporal Distorti |       |       |     1 |     4 ||     5
Evoke: Wand              |       |       |       |     1 ||     1
  Use: Scroll            |       |       |     6 |     9 ||    15
       Potion            |       |       |       |     2 ||     2
 Stab: Sleeping          |     3 |       |       |       ||     3
       Distracted        |       |     1 |       |       ||     1
  Eat: Chunk             |       |       |     4 |     3 ||     7
       Beef jerky        |       |       |       |     1 ||     1
